 Dungeon Crawl Stone Soup version 0.31-a0-180-g519b7de00c (webtiles) character file.

Game seed: 1952225718393747734

4 qw the Shield-Bearer (level 1, -2/14 HPs)
             Began as a Gargoyle Fighter on June 19, 2023.
             Slain by a goblin
             ... wielding a +1 dagger of distortion
              (9 damage)
             ... on level 1 of the Dungeon.
             The game lasted 00:00:05 (150 turns).

qw the Shield-Bearer (Gargoyle Fighter)              Turns: 150, Time: 00:00:06

Health: -2/14      AC:  9    Str: 19    XL:     1   Next: 60%
Magic:  1/1        EV:  9    Int:  8    God:
Gold:   0          SH:  4    Dex:  9    Spells: 0/0 levels left

rFire   . . .        a - +0 war axe
rCold   . . .        c - +0 buckler
rNeg    + . .        b - +0 scale mail
rPois   inf          (no helmet)
rElec   +            (no cloak)
rCorr   .            (no gloves)
SInv    .            (no boots)
Will    .....        (no amulet) Stlth
                     (no ring)
HPRegen 0.22/turn    (no ring)
MPRegen 0.07/turn

%: no passive effects
@: no status effects
A: sickness immunity, AC +2, negative energy resistance 1, electricity
resistance, torment resistance 1, petrification resistance
a: no special abilities


You were on level 1 of the Dungeon.
You visited 1 branch of the dungeon, and saw 1 of its levels.


Innate Abilities, Weirdness & Mutations

You are immune to sickness and miasma.
Your stone body is resilient. (AC +2)
You are immune to poison.
You resist negative energy. (rN+)
You are resistant to electric shocks. (rElec)
You are resistant to unholy torment.
You are immune to petrification.


   Skills:
 - Level 3.2 Fighting
 + Level 2.1 Axes
 - Level 3.2 Armour
 - Level 3.2 Shields


You couldn't memorise any spells.
You didn't know any spells.
Your spell library was empty.

Inventory:

Hand Weapons
 a - a +0 war axe (weapon)
 g - a +0 club
Armour
 b - a +0 scale mail (worn)
 c - a +0 buckler (worn)
Scrolls
 e - a scroll of noise {unknown}
 f - a scroll of immolation {unknown}
Potions
 d - a potion of might
 h - a potion of curing {unknown}

Dungeon Overview and Level Annotations

Branches:
Dungeon (1/15)

Altars:


Message History

Enter note: The goblin hits the plant with a +1 dagger of distortion.
Space warps around the plant.
The goblin hits the plant with a +1 dagger of distortion.
Enter note: Your unstable footing causes you to fumble your attack.
The goblin hits the plant with a +1 dagger of distortion.
You slash the plant!
The plant begins to die.
The plant is lightly damaged.
You hit the plant.
The plant begins to die.
The goblin hits the plant with a +1 dagger of distortion. x2
Enter note: A nearby plant withers and dies.
The goblin hits the plant with a +1 dagger of distortion.
The plant begins to die.
Enter note:
Enter note: You hit the plant.
The plant is lightly damaged.
You completely miss the plant.
A nearby plant withers and dies.
The goblin splashes around in the water.
The goblin hits the plant with a +1 dagger of distortion.
You slash the plant!
The plant is lightly damaged.
You hit the plant.
A nearby plant withers and dies.
The goblin hits the plant with a +1 dagger of distortion.
Your unstable footing causes you to fumble your attack.
A nearby plant withers and dies.
149 ||| Stepping ~*~*~tactically~*~*~ (water).
The goblin attacks as you move away!
The goblin hits you with a +1 dagger of distortion.
Space warps around you.
Enter note: You closely miss the goblin.
The goblin hits you with a +1 dagger of distortion.
Space warps horribly around you!
Ouch! That really hurt!
You die...

##..7~~~PP..... #..#
....7P~~~~...P.. #..##
....P~~~P....P~. #..##
#.~P~~~~...~~~7 #....
#~~~~~~~...~~~7 #....
7~~~~~~~...~~77####....
77~~~~~~..~~777.#......
7~~~~g~...~P~77.#.#....
7~P~~~@~..~~~77.#.#....
7P~~~~....~P~77.(......
#~77~P~..~~~~7..###..##
# #.7~~..PP77##.# #.##
#..7~..~77..#.###.#
#......~7......#..##
#.#....77..........##
#.####.....(...##....
#.# ##.......######


You could see a goblin.

Vanquished Creatures
  A bat (D:1)
  A goblin (D:1)
  2 rats (D:1)
4 creatures vanquished.

Notes
Turn   | Place    | Note
-------+----------+-------------------------------------------
     0 | D:1      | qw the Gargoyle Fighter began the quest for the Orb.
     0 | D:1      | Reached XP level 1. HP: 14/14 MP: 1/1
     0 | D:1      | 0 ||| qw: Version: 0.3-a-7-ge0c9b40
     0 | D:1      | 0 ||| qw: Game counter: 899
     0 | D:1      | 0 ||| qw: Always use a shield: true
     0 | D:1      | 0 ||| qw: God list: Okawaru
     0 | D:1      | 0 ||| qw: Allow faded altars: false
     0 | D:1      | 0 ||| qw: Do Orc after D:15 true
     0 | D:1      | 0 ||| qw: Do second Lair branch before Depths: true
     0 | D:1      | 0 ||| qw: Lair rune preference: random
     0 | D:1      | 0 ||| qw: Plans: Normal, Zot:1-4, Slime:5, God:TSO, Crypt,
                  | Tomb, Abyss, Pan, Hells, Win
     0 | D:1      | 0 ||| PLANNING D:1-11
   149 | D:1      | 149 ||| Stepping ~*~*~tactically~*~*~ (water).
   150 | D:1      | Slain by a goblin

Levels and vault maps discovered:
D:1:      minmay_arrival_four_circles, layout_loops_cross, serial_bayou_ford_a,
          nrook_mini_vaults

Skill      XL: |  1 |
---------------+----+-----
Axes           | 2 |  2.1
Fighting       | |  3.2
Armour         | |  3.2
Shields        | |  3.2

Action                     || total
---------------------------++-------
  Melee: War axe           ||    14
 Armour: Scale mail        ||     3
  Dodge: Dodged            ||     1
  Block: Buckler           ||     2

Table legend:
 A = Non-vault XP
 B = Vault XP
 C = Vault XP percentage of total XP
 D = Non-vault monster count
 E = Vault monster count
 F = Vault count percentage of total count
                 A         B        C        D         E       F
            +---------+---------+-------+---------+---------+-------
      Total |       6 |       0 |   0.0 |       4 |       0 |   0.0
            +---------+---------+-------+---------+---------+-------
        D:1 |       6 |       0 |   0.0 |       4 |       0 |   0.0
            +---------+---------+-------+---------+---------+-------
